AoeStats
← csknahmet27

Nomad

510119044Analyzed
4v4 RM · 2d ago on Sep 29, 2026· 41m 18s· 8 players
Game mode
Random Map
Map size
231×231
Population
200
Speed
Normal
Resources
Standard
Victory
Conquest
Starting age
Dark Age
Ending age
Imperial Age
RankedLock teamsTeams togetherTeam positionsShared explorationLock speedFull tech treeHidden civsTurbo modeCheats
Victory
Defeat
🇬🇧 Persians · United Kingdom
1492
+14
🇹🇷 Portuguese · Türkiye
1473
+15
🇹🇷 Japanese · Türkiye
1455
+15
🇬🇧 Varangians · United Kingdom
1376
+18
🇹🇼 Poles · Taiwan
1490
-18
🇺🇸 Mongols · United States
1481
-17
🇹🇼 Spanish · Taiwan
1402
-14
🇭🇰 Saracens · Hong Kong SAR China
1387
-13
Fac Et Spera
7:11 Loom
12:36 Feudal Age
16:31 Castle Age
14:44 Double-Bit Axe
15:25 Gold Mining
17:16 Medium Warships
20:30 Fishing Lines
24:39 Wheelbarrow
23:59 Town Watch
27:16 Gold Shaft Mining
26:32 Stone Mining
28:12 Fletching
28:52 Bow Saw
29:22 Horse Collar
34:05 Heavy Plow
34:22 Hand Cart
35:16 Gillnets
38:50 Imperial Age
36:49 Scale Barding Armor
36:54 Forging
38:30 Chain Barding Armor
38:45 Iron Casting
39:01 Bloodlines
38:58 Husbandry
39:44 Conscription
40:03 Plate Barding Armor
41:07 Stone Shaft Mining
39:58 Elite War Elephant
JavelinMen
6:13 Loom
13:10 Feudal Age
13:39 Double-Bit Axe
19:22 Castle Age
18:41 Fishing Lines
20:21 Gillnets
21:47 Bow Saw
24:59 Wheelbarrow
24:38 Gold Mining
29:03 Imperial Age
26:38 Horse Collar
29:08 Stone Mining
29:53 Hand Cart
29:59 Fletching
32:29 Bodkin Arrow
33:22 Bracer
34:31 Conscription
35:16 Elite Organ Gun
37:47 Stone Shaft Mining
39:18 Two-Man Saw
38:22 Heavy Plow
41:00 Chemistry
40:40 Masonry
41:20 Arquebus
rizz
4:45 Loom
15:18 Feudal Age
19:19 Castle Age
17:20 Fishing Lines
19:44 Gold Mining
20:30 Double-Bit Axe
21:03 Fletching
23:45 Wheelbarrow
24:55 Husbandry
25:48 Town Watch
26:49 Bloodlines
27:41 Gillnets
33:52 Horse Collar
37:02 Imperial Age
37:44 Hand Cart
38:07 Heavy Scorpion
39:53 Ballistics
40:49 Elite Jarl
csknahmet27
3:23 Loom
12:45 Feudal Age
16:33 Castle Age
35:35 Fletching
36:30 Town Watch
37:17 Elite Skirmisher
38:50 Padded Archer Armor
39:55 Guard Tower
41:07 Bodkin Arrow
RedMess
5:53 Loom
13:04 Feudal Age
13:35 Double-Bit Axe
13:44 Stone Mining
16:52 Castle Age
15:02 Stone Mining
15:52 Gold Mining
15:54 Fletching
17:47 Bodkin Arrow
18:18 Bow Saw
18:22 Bodkin Arrow
19:19 Horse Collar
20:56 Ballistics
22:17 Padded Archer Armor
26:18 Leather Archer Armor
26:50 Gold Shaft Mining
27:18 Wheelbarrow
28:22 Bloodlines
29:10 Husbandry
30:08 Hand Cart
31:12 Stone Shaft Mining
31:39 Town Watch
34:55 Imperial Age
33:05 Thumb Ring
33:59 Town Patrol
35:40 Bracer
36:42 Chemistry
36:09 Parthian Tactics
37:37 Siege Engineers
天線小號
3:01 Loom
13:49 Feudal Age
14:45 Town Watch
17:42 Castle Age
17:49 Double-Bit Axe
19:26 Gold Mining
21:21 Padded Archer Armor
30:03 Husbandry
31:47 Bow Saw
31:25 Horse Collar
33:19 Wheelbarrow
33:05 Bloodlines
36:18 Imperial Age
34:33 Heavy Plow
36:45 Leather Archer Armor
36:37 Scale Barding Armor
36:54 Cavalier
38:18 Conscription
39:34 Elite Conquistador
41:21 Ring Archer Armor
LinG寶寶
6:26 Loom
13:41 Feudal Age
17:56 Castle Age
16:57 Double-Bit Axe
18:54 Bow Saw
21:39 Horse Collar
28:20 Wheelbarrow
31:53 Hand Cart
32:11 Scale Barding Armor
32:16 Forging
32:14 Stone Mining
39:48 Imperial Age
40:17 Gold Mining
41:47 Gold Shaft Mining
WhisperyChunk92
9:54 Loom
13:18 Feudal Age
16:52 Castle Age
17:23 Town Watch
18:23 Double-Bit Axe
21:33 Bow Saw
31:18 Horse Collar
34:13 Wheelbarrow
35:12 Bloodlines
35:02 Husbandry
35:20 Gold Mining
36:37 Scale Barding Armor
38:47 Coinage
38:42 Chain Barding Armor
39:44 Szlachta Privileges
40:33 Heavy Plow
41:15 Hand Cart
Connection lost

Rejoining the realm…

Still unreachable

The connection could not be restored.

Session expired

The server has moved on; the page needs a fresh start.